 Dungeon Crawl Stone Soup version 0.32-a0-43-g058985b245 (webtiles) character file.

Game seed: 3439089031920813618

65 PriceMaster the Firebug (level 4, -2/27 HPs)
             Began as an Octopode Fire Elementalist on Feb 3, 2024.
             Slain by a ball python (3 damage)
             ... on level 3 of the Dungeon.
             The game lasted 00:03:29 (2148 turns).

PriceMaster the Firebug (OpFE)                      Turns: 2148, Time: 00:03:30

Health: -2/27      AC:  1    Str:  7    XL:     4   Next: 13%
Magic:  0/8        EV: 13    Int: 19    God:
Gold:   100        SH:  0    Dex: 12    Spells: 3/9 levels left

rFire   + . .        n - staff of fire
rCold   . . .        b - orb {*channel}
rNeg    . . .        (helmet restricted)
rPois   .            c - amulet of guardian spirit
rElec   .            (no ring)
rCorr   .            (no ring)
SInv    .            (no ring)
Will    +....        (no ring)
Stlth   +++          (no ring)
HPRegen 0.24/turn    (no ring)
MPRegen 0.11/turn    (no ring)
                     (no ring)

%: guardian spirit, channel magic (20%)
@: attractive, enlightened, flying, hasted, studying Short Blades, very quick
A: almost no armour, amphibious, 8 rings, camouflage 1, gelatinous body 1,
(nimble swimmer 1), tentacles
a: no special abilities


You were on level 3 of the Dungeon.
You visited 1 branch of the dungeon, and saw 3 of its levels.

You collected 100 gold pieces.

Inventory:

Hand Weapons
 d - a +0 dagger
 o - a +1 dagger of protection
Missiles
 k - a throwing net
Armour
 b - an orb of energy (worn)
Magical Staves
 m - a staff of cold
 n - a staff of fire (weapon)
Jewellery
 c - an amulet of guardian spirit (around mantle)
Scrolls
 a - a scroll of vulnerability {unknown}
 g - 2 scrolls of teleportation
 q - a scroll of enchant weapon
 r - a scroll of fog {unknown}
Potions
 i - 2 potions of attraction


   Skills:
 + Level 2.1 Dodging
 + Level 3.1 Stealth
 + Level 3.0 Spellcasting
 + Level 1.4 Conjurations
 + Level 3.6 Fire Magic


You had 3 spell levels left.
You knew the following spells:

 Your Spells              Type           Power      Damage    Failure   Level
a - Foxfire               Conj/Fire      72%        2x1d7     16%         1
b - Scorch                Fire           48%        2d7       16%         2
c - Inner Flame           Hex/Fire       14%        N/A       43%         3

Your spell library contained the following spells:

 Spells                   Type           Power      Damage    Failure   Level
 Volatile Blastmotes      Fire/Tloc      28%        2d12      43%         3
 Flame Wave               Conj/Fire      18%        2d7       69%         4


Dungeon Overview and Level Annotations

Branches:
Dungeon (3/15)

Altars:
Ru


Innate Abilities, Weirdness & Mutations

You cannot wear most types of armour.
You are amphibious.
You can wear up to eight rings at the same time.
Your skin changes colour to match your surroundings (Stealth+).
Your rubbery body absorbs attacks. (AC +1, EV +1)
((You are camouflaged when in or above water. (Stealth+)))
You have tentacles for arms and can constrict up to eight enemies at once.


Message History

The hobgoblin hits you.
The goblin hits you with a +0 short sword.
The hobgoblin barely misses you.
Casting: Scorch (safe; 16% risk of failure)
Confirm with . or Enter, or press ? or * to list all spells.
You feel a surge of power!
Flames lash the goblin.
You kill the goblin!
The hobgoblin hits you. The hobgoblin closely misses you.
Unknown command.
Casting: Scorch (safe; 16% risk of failure)
Confirm with . or Enter, or press ? or * to list all spells.
You feel a surge of power!
Flames lash the hobgoblin.
You kill the hobgoblin!
You hear an angry hiss.
A ball python comes into view.
The hobgoblin hits you.
* * * LOW HITPOINT WARNING * * *
It was a potion of attraction.
You feel attractive to monsters. The hobgoblin hits you.
* * * LOW HITPOINT WARNING * * *
The ball python is attracted toward you.
It was a potion of curing.
You feel better. The ball python barely misses you.
The ball python closely misses you. The hobgoblin hits you.
* * * LOW HITPOINT WARNING * * *
It was a potion of enlightenment.
You feel very buoyant.
You fly up into the air.
The ball python bites you.
* * * LOW HITPOINT WARNING * * *
The ball python completely misses you.
The hobgoblin hits you but does no damage.
It was a potion of haste.
You feel yourself speed up. The ball python barely misses you.
The ball python misses you. The hobgoblin hits you.
* * * LOW HITPOINT WARNING * * *
As you read the scroll labelled LYRPHI PEYNUFIO, it crumbles to dust.
It is a scroll of enchant weapon.
Your +0 dagger of protection glows red for a moment.
The ball python bites you.
You die...

.. . # .##.# #
..#.#
###.###.#.#
..........#
#.....†S.#####
###@)...?.. #
#..g.......
#.##..........
.#......#####
........#
#.####......#
#..........##
###!####
#########.#


You could see a hobgoblin and a ball python.

Vanquished Creatures
  Robin (D:2)
  An adder (D:2)
  A ribbon worm (D:2)
  A ball python (D:1)
  3 bats (D:2)
  3 endoplasms (D:1)
  2 giant cockroaches (D:2)
  9 goblins
  7 hobgoblins
  3 jackals (D:1)
  A frilled lizard (D:1)
  A kobold (D:1)
  6 rats
39 creatures vanquished.

Vanquished Creatures (others)
  93 foxfires
93 creatures vanquished.

Grand Total: 132 creatures vanquished

Notes
Turn   | Place    | Note
-------+----------+-------------------------------------------
     0 | D:1      | PriceMaster the Octopode Fire Elementalist began the quest
                  | for the Orb.
     0 | D:1      | Reached XP level 1. HP: 11/11 MP: 3/3
   280 | D:1      | Reached XP level 2. HP: 17/17 MP: 3/5
  1061 | D:2      | Found a sacrificial altar of Ru.
  1106 | D:2      | Reached XP level 3. HP: 21/21 MP: 3/6
  1125 | D:2      | Learned a level 2 spell: Scorch
  1760 | D:2      | Noticed Robin
  1774 | D:2      | Killed Robin
  1775 | D:2      | Reached XP level 4. HP: 7/27 MP: 1/8
  2025 | D:2      | Learned a level 3 spell: Inner Flame
  2147 | D:3      | HP: 1/27 [hobgoblin (4)]
  2148 | D:3      | Slain by a ball python

Illustrated notes

Levels and vault maps discovered:
D:1:      spicycebolla_arrival_ecumenical, layout_rooms, supply_closet_lemuel,
          hangedman_decor_diamond_cutter
D:2:      layout_basic, basic_altar, uniq_robin
D:3:      layout_loops_cross, chequers_avenue

Skill      XL: |  1  2  3 |
---------------+----------+-----
Stealth        | 3 |  3.1
Spellcasting   | 3 |  3.0
Dodging        | |  2.1
Conjurations   | |  1.4
Fire Magic     | |  3.6

Action                     |  1- 3 |  4- 6 || total
---------------------------+-------+-------++-------
  Melee: Dagger            |    11 |       ||    11
         Constrict         |     8 |       ||     8
         Tentacles         |     5 |       ||     5
         Staff             |    10 |     2 ||    12
   Cast: Foxfire           |    54 |       ||    54
         Scorch            |    11 |     2 ||    13
    Use: Potion            |     1 |     4 ||     5
         Scroll            |       |     4 ||     4
   Stab: Sleeping          |     2 |       ||     2
 Armour: Skin              |    18 |    15 ||    33
  Dodge: Dodged            |    13 |    13 ||    26

Table legend: (Time is in decaauts)
 A = Elapsed time spent in this place.
 B = Non-inter-level travel time spent in this place.
 C = Inter-level travel time spent in this place.
 D = Time resting spent in this place.
 E = Time spent auto-exploring this place.
 F = Levels seen in this place.
 G = Mean time per level.
                   A        B        C        D        E       F      G
               +--------+--------+--------+--------+--------+-----+--------+
         Total |   2148 |   2047 |    101 |    180 |   1573 |   3 |  716.0 |
       Dungeon |   2148 |   2047 |    101 |    180 |   1573 |   3 |  716.0 |
               +--------+--------+--------+--------+--------+-----+--------+

Top non-repeatable levels by time:
     D:2: 1275 daAuts
     D:1: 792 daAuts
     D:3: 80 daAuts
